 Dungeon Crawl Stone Soup version 0.29-a0-344-ge2f44be95a (webtiles) character file.

Game seed: 1356376903455442779

18959 Dauddaud the Severer (level 12, -3/159 HPs)
             Began as a Minotaur Berserker on Apr 21, 2022.
             Was an Elder of Trog.
             Slain by a freezing wraith (13 damage)
             ... led by a death knight
             ... on level 12 of the Dungeon.
             The game lasted 00:33:22 (18708 turns).

Dauddaud the Severer (Minotaur Berserker)          Turns: 18708, Time: 00:33:22

Health: -3/159     AC: 19    Str: 31    XL:     12   Next: 32%
Magic:  11/11      EV: 10    Int:  4    God:    Trog [****..]
Gold:   763        SH:  0    Dex: 12    Spells: 11/11 levels left

rFire   . . .      SeeInvis .   F - +3 hand axe
rCold   . . .      Faith    .   (no shield)
rNeg    . . .      Spirit   .   w - +0 plate armour
rPois   +          Reflect  .   (helmet restricted)
rElec   .          Harm     .   p - +0 cloak
rCorr   .          Rampage  .   I - +2 pair of gloves
Will    .....                   (no boots)
Stlth   ..........              (no amulet)
HPRegen 0.36/turn               q - +6 ring of strength
MPRegen 0.12/turn               z - ring of poison resistance

@: berserking, slowed
A: horns 2, retaliatory headbutt
a: Renounce Religion, Berserk, Trog's Hand, Brothers in Arms


You were on level 12 of the Dungeon.
You worshipped Trog.
Trog was greatly pleased with you.
You visited 1 branch of the dungeon, and saw 13 of its levels.

You collected 763 gold pieces.

Inventory:

Hand Weapons
 a - a +0 hand axe
 F - a +3 hand axe (weapon)
 M - a +0 club
Missiles
 x - 2 throwing nets (quivered)
Armour
 b - a +0 animal skin
 c - a +0 ring mail
 h - a +0 chain mail
 p - a +0 cloak (worn)
 w - a +0 plate armour (worn)
 I - a +2 pair of gloves (worn)
 V - the +5 scale mail of Zemiukau {rF+ rC+ MP+9 Str-5 SInv}
   (You found it on level 12 of the Dungeon)

   Str:       It affects your strength (-5).
   rF:        It protects you from fire.
   rC:        It protects you from cold.
   MP:        It affects your magic capacity (+9).
   SInv:      It lets you see invisible.
Jewellery
 q - a +6 ring of strength (left hand)
 z - a ring of poison resistance (right hand)
 H - the ring of the Hare {EV+8}
   (You took it off a kobold on level 8 of the Dungeon)

   [ring of evasion]

   EV:        It affects your evasion (+8).
 P - a ring of flight
 S - a ring of positive energy
 W - a ring of resist corrosion
 X - a ring of ice
Wands
 A - a wand of paralysis (7)
 D - a wand of iceblast (24)
 K - a wand of flame (20)
 L - a wand of acid (14)
 O - a wand of charming (11)
 R - a wand of mindburst (7)
 T - a wand of polymorph (5)
Scrolls
 d - 4 scrolls of fear
 f - 3 scrolls of blinking
 j - 4 scrolls of enchant armour
 k - 4 scrolls of vulnerability
 m - a scroll of fog
 r - 2 scrolls of teleportation
 t - a scroll of brand weapon
 u - 2 scrolls of noise {unknown}
 y - 2 scrolls of immolation {unknown}
 C - 2 scrolls of amnesia
 N - a scroll of torment
 Q - a scroll of enchant weapon
 U - a scroll of silence {unknown}
Potions
 e - 8 potions of curing
 g - 2 potions of might
 i - a potion of resistance {unknown}
 l - a potion of heal wounds
 n - 3 potions of attraction
 o - 4 potions of brilliance
 s - 3 potions of mutation {unknown}
 v - a potion of lignification {unknown}
 B - 2 potions of berserk rage
 E - a potion of degeneration {unknown}
 G - a potion of flight {unknown}
 J - a potion of cancellation {unknown}


   Skills:
 * Level 9.9 Fighting
 - Level 18.0 Axes
 * Level 9.5 Armour
 + Level 6.2 Dodging
 - Level 6.3 Evocations


You had 11 spell levels left.
You didn't know any spells.
Your spell library was empty.

Dungeon Overview and Level Annotations

Branches:
Dungeon (13/15)            Temple (0/1) D:6            Lair (0/6) D:10
    Orc (0/2) D:9
 Vaults: D:13-14

Altars:
Fedhas
Qazlal

Shops:
D:1 =   D:8 =(


Innate Abilities, Weirdness & Mutations

You have a pair of horns on your head.
You reflexively headbutt those who attack you in melee.


Message History

The freezing wraith is heavily damaged.
The skeletal warrior hits you from afar with a +0 halberd!!
The freezing wraith hits you but does no damage. x2
You slash the freezing wraith!
Your headbutt misses the freezing wraith.
The freezing wraith is almost destroyed.
The skeletal warrior hits you but does no damage.
The freezing wraith barely misses you.
The freezing wraith hits you but does no damage.
You hit the freezing wraith but do no damage.
The freezing wraith is almost destroyed.
You closely miss the freezing wraith.
Your headbutt misses the freezing wraith.
The freezing wraith is almost destroyed.
The skeletal warrior hits you from afar with a +0 halberd!
The freezing wraith hits you but does no damage.
The freezing wraith closely misses you.
You hit the freezing wraith but do no damage.
The freezing wraith is almost destroyed.
The freezing wraith barely misses you. The freezing wraith hits you!
The freezing wraith drains your vigour!
You feel as though you will be slow longer.
The skeletal warrior misses you.
You hit the freezing wraith but do no damage.
The freezing wraith is almost destroyed.
The skeletal warrior hits you from afar with a +0 halberd.
The freezing wraith hits you but does no damage.
The freezing wraith barely misses you.
A red film seems to cover your vision as you go berserk!
You feel yourself moving faster!
You feel mighty!
The skeletal warrior hits you from afar with a +0 halberd!
The freezing wraith hits you. The freezing wraith freezes you!!
* * * LOW HITPOINT WARNING * * *
The freezing wraith closely misses you.
The skeletal warrior hits you from afar with a +0 halberd!
* * * LOW HITPOINT WARNING * * *
The freezing wraith hits you!
* * * LOW HITPOINT WARNING * * *
The freezing wraith freezes you!
You die...

#...........###########
#.......[..............
#......................
#.##############.......
#.# #....... #.#
#....... #.# #.......
#.##############.......
#...z.@................
#....W.............[...
#......................
#.###########...#######
#)# #####...#######
#......................
#...................###
#..##############...#
#... .......<.###


You could see a skeletal warrior and a freezing wraith.

Vanquished Creatures
  A death knight (D:12)
  3 two-headed ogres
  6 death yaks (D:9)
  A phantasmal warrior (D:12)
  A deep elf pyromancer (D:8)
  2 cyclopes
  2 gargoyles (D:11)
  The ghost of hemabe1971 the Charlatan, a novice HuAr (D:4)
  A freezing wraith (D:12)
  2 komodo dragons
  3 trolls
  3 meliai (D:12)
  2 hornets
  2 shadows
  2 wraiths
  Eustachio (D:5)
  15 yaks
  Grum (D:8)
  2 steam dragons
  Edmund (D:4)
  Menkaure (D:5)
  2 vampire mosquitoes (D:11)
  An acid dragon (D:9)
  A water moccasin (D:6)
  3 orc warriors
  An ice beast (D:6)
  2 sky beasts
  A black bear (D:8)
  3 centaurs
  An ogre (D:5)
  3 wolves (D:8)
  A phantom (D:9)
  6 kobold brigands
  2 bullfrogs
  A necrophage (D:5)
  3 scorpions
  2 gnoll sergeants
  13 wights
  3 killer bees (D:7)
  5 howler monkeys
  A jelly (D:6)
  6 orc priests
  A hound (D:4)
  Crazy Yiuf (D:2)
  A gnoll shaman (D:5)
  3 iguanas
  12 orc wizards
  6 ogre zombies (D:9)
  A human simulacrum (D:13)
  7 adders
  13 gnolls
  A shadow imp (D:7)
  3 white imps
  A worm (D:2)
  2 dart slugs
  28 orcs
  5 endoplasms
  4 giant cockroaches
  9 goblins
  7 hobgoblins
  5 quokkas
  8 ball pythons
  10 bats
  2 goblin skeletons (D:9)
  2 goblin zombies (D:9)
  4 hobgoblin zombies (D:9)
  39 kobolds
  2 orc skeletons (D:9)
  9 orc zombies (D:9)
  5 rats
305 creatures vanquished.

Notes
Turn   | Place    | Note
-------+----------+-------------------------------------------
     0 | D:1      | Dauddaud the Minotaur Berserker began the quest for the
                  | Orb.
     0 | D:1      | Reached XP level 1. HP: 19/19 MP: 0/0
   139 | D:1      | Reached skill level 4 in Axes
   321 | D:1      | Reached XP level 2. HP: 26/26 MP: 1/1
   384 | D:1      | Found Plog's Jewellery Shoppe.
   527 | D:1      | Reached skill level 5 in Axes
   872 | D:1      | Reached XP level 3. HP: 31/31 MP: 2/2
  1050 | D:2      | You fall into a shaft and drop 2 floors!
  1179 | D:3      | Reached ** piety under Trog
  2191 | D:2      | Found a runed translucent door.
  2192 | D:2      | Noticed Crazy Yiuf
  2221 | D:2      | Killed Crazy Yiuf
  2222 | D:2      | Reached skill level 6 in Axes
  2222 | D:2      | Reached XP level 4. HP: 39/39 MP: 3/3
  2841 | D:3      | Found a faded altar of an unknown god.
  2876 | D:4      | Found a blossoming altar of Fedhas.
  2876 | D:4      | Found a stormy altar of Qazlal.
  3058 | D:4      | Noticed Edmund
  3065 | D:4      | Reached XP level 5. HP: 25/45 MP: 4/4
  3072 | D:4      | Reached skill level 7 in Axes
  3073 | D:4      | Killed Edmund
  3074 | D:4      | Reached skill level 8 in Axes
  3206 | D:4      | Reached XP level 6. HP: 51/51 MP: 5/5
  3344 | D:4      | Found a runed translucent door.
  3344 | D:4      | Noticed hemabe1971's ghost (novice HuAr)
  3476 | D:4      | Killed hemabe1971's ghost
  3477 | D:4      | Reached skill level 9 in Axes
  3477 | D:4      | Reached XP level 7. HP: 41/57 MP: 6/6
  3988 | D:4      | Reached skill level 10 in Axes
  4227 | D:5      | Entered Level 5 of the Dungeon
  4399 | D:5      | Reached *** piety under Trog
  4428 | D:5      | Noticed Eustachio
  4444 | D:5      | Killed Eustachio
  4445 | D:5      | Reached skill level 11 in Axes
  4524 | D:5      | Reached XP level 8. HP: 34/64 MP: 7/7
  4927 | D:5      | Noticed Menkaure
  4937 | D:5      | Killed Menkaure
  4938 | D:5      | Reached skill level 12 in Axes
  5201 | D:6      | Reached skill level 13 in Axes
  5656 | D:6      | Reached skill level 14 in Axes
  5727 | D:6      | Found a staircase to the Ecumenical Temple.
  6294 | D:7      | Reached XP level 9. HP: 59/70 MP: 8/8
  6490 | D:7      | Reached skill level 1 in Evocations
  7226 | D:7      | Reached skill level 15 in Axes
  7617 | D:8      | Noticed a deep elf pyromancer
  7829 | D:8      | Found the +4 robe of Augmentation {Str+4 Int+4 Dex+4}
  8080 | D:8      | Reached skill level 16 in Axes
  8424 | D:8      | Killed a deep elf pyromancer
  8425 | D:8      | Reached XP level 10. HP: 29/77 MP: 9/9
  8713 | D:8      | Noticed Grum
  8725 | D:8      | Killed Grum
  8960 | D:8      | Found Yhentaf's Weapon Boutique.
  9359 | D:8      | Found Emoxujee's Jewellery Shoppe.
  9509 | D:9      | Reached skill level 5 in Evocations
  9513 | D:9      | Reached **** piety under Trog
  9517 | D:9      | Reached skill level 17 in Axes
 10117 | D:9      | Noticed a cyclops
 11279 | D:9      | Killed a cyclops
 11280 | D:9      | Reached skill level 18 in Axes
 12174 | D:9      | Reached XP level 11. HP: 50/84 MP: 10/10
 12388 | D:9      | Found a staircase to the Orcish Mines.
 13092 | D:10     | Entered Level 10 of the Dungeon
 13112 | D:10     | Noticed a two-headed ogre
 13134 | D:10     | Killed a two-headed ogre
 13378 | D:10     | Noticed a two-headed ogre
 13388 | D:10     | Reached skill level 5 in Fighting
 13389 | D:10     | Killed a two-headed ogre
 13744 | D:10     | Reached skill level 5 in Armour
 14329 | D:10     | Noticed a death yak
 14330 | D:10     | Noticed a death yak
 14330 | D:10     | Noticed a death yak
 14330 | D:10     | Noticed a death yak
 14338 | D:10     | Noticed a death yak
 14339 | D:10     | Noticed a death yak
 14351 | D:9      | Killed a death yak
 14572 | D:9      | Killed a death yak
 14739 | D:9      | Killed a death yak
 14896 | D:9      | HP: 6/138 [death yak (10)]
 14897 | D:9      | Killed a death yak
 15449 | D:9      | Killed a death yak
 15455 | D:9      | Killed a death yak
 15456 | D:9      | Reached skill level 5 in Dodging
 15859 | D:10     | Found a staircase to the Lair.
 16731 | D:11     | Reached XP level 12. HP: 76/103 MP: 11/11
 17385 | D:11     | Noticed a two-headed ogre
 17396 | D:11     | Killed a two-headed ogre
 18319 | D:12     | Identified the +5 scale mail of Zemiukau {rF+ rC+ MP+9
                  | Str-5 SInv}
 18356 | D:12     | Noticed a death knight
 18374 | D:12     | Killed a death knight
 18708 | D:12     | Slain by a freezing wraith

Illustrated notes

Levels and vault maps discovered:
D:1:      dpeg_arrival_boxorama, layout_loops_ring, serial_shops,
          nicolae_shop_stone
D:2:      layout_basic, patterned_corridor, uniq_crazy_yiuf_cottage
D:3:      kennysheep_the_goblin_king, layout_basic,
          dreamdust_ecumenical_altar_hidden_monk_grotto, kennysheep_flooded_box
D:4:      layout_cave_pods, grunt_temple_overflow_forces_of_nature,
          gammafunk_ghost_grave, uniq_edmund
D:5:      layout_cave_pools, uniq_eustachio, uniq_menkaure
D:6:      layout_loops_ring, minmay_temple_entry_stoned_glass
D:7:      layout_rooms
D:8:      layout_basic, serial_shops, nicolae_shop_advertising_works
          [nicolae_subvault_shop_adworks], shop_statue, minmay_bent, uniq_grum
D:9:      layout_layer_cave, zombieorc1_lemuel, nicolae_underground_beach
D:10:     layout_long_grid, dpeg_lair_monsters
D:11:     layout_irregular_city
D:12:     layout_long_grid, onia_ninara_dug_in_and_dangerous
D:13:     layout_irregular_city, hangedman_vaults_entry_quadrant_bands,
          bh_circular_ruins

Skill      XL: |  1  2  3  4  5  6  7  8  9 10 11 12 |
---------------+-------------------------------------+-----
Axes           | 4 5 6 8 9 11 14 16 18 | 18.0
Evocations     | 4 6 |  6.3
Fighting       | 4 8 9 |  9.9
Armour         | 3 8 9 |  9.5
Dodging        | 5 6 |  6.2

Action                   |  1- 3 |  4- 6 |  7- 9 | 10-12 || total
-------------------------+-------+-------+-------+-------++-------
Melee: Hand axe          |   114 |    84 |   319 |   546 ||  1063
       Headbutt          |    13 |     9 |    55 |   140 ||   217
       Punch             |       |     1 |     3 |     8 ||    12
Invok: Berserk           |     1 |     2 |     5 |    10 ||    18
       Trog's Hand       |       |     1 |     5 |     1 ||     7
       Brothers in Arms  |       |       |       |     1 ||     1
Evoke: Wand              |       |       |       |     5 ||     5
  Use: Scroll            |       |       |     6 |     6 ||    12
       Potion            |       |       |       |     9 ||     9
 Stab: Paralysed         |       |       |       |     5 ||     5
Armor: Ring mail         |    11 |       |       |       ||    11
       Chain mail        |    49 |    46 |    23 |       ||   118
       Plate armour      |       |       |   112 |   224 ||   336
Dodge: Dodged            |    51 |    20 |    96 |   149 ||   316

Table legend: (Time is in decaauts)
 A = Elapsed time spent in this place.
 B = Non-inter-level travel time spent in this place.
 C = Inter-level travel time spent in this place.
 D = Time resting spent in this place.
 E = Time spent auto-exploring this place.
 F = Levels seen in this place.
 G = Mean time per level.
                   A        B        C        D        E       F      G
               +--------+--------+--------+--------+--------+-----+--------+
         Total |  18573 |  18049 |    524 |   8106 |   7750 |  13 | 1428.7 |
       Dungeon |  18573 |  18049 |    524 |   8106 |   7750 |  13 | 1428.7 |
               +--------+--------+--------+--------+--------+-----+--------+

Top non-repeatable levels by time:
     D:9: 4261 daAuts
     D:8: 2215 daAuts
     D:6: 1979 daAuts
    D:10: 1774 daAuts
    D:11: 1645 daAuts
     D:4: 1445 daAuts
     D:2: 1287 daAuts
     D:1: 1034 daAuts
     D:5: 937 daAuts
     D:7: 686 daAuts
    D:12: 499 daAuts
     D:3: 482 daAuts
    D:13: 324 daAuts
